 Dungeon Crawl Stone Soup version 0.31.0-1-g2c135a0 (webtiles) character file.

Game seed: 5807838823652590707

81716 jagoly the Warrior (level 14, -18/120 (121) HPs)
             Began as an Octopode Conjurer on Jan 24, 2024.
             Was the Champion of Jiyva.
             Demolished by a jorogumo (28 damage)
             ... on level 2 of the Spider Nest.
             The game lasted 01:48:08 (6729 turns).

jagoly the Warrior (Octopode Conjurer)              Turns: 6729, Time: 01:48:08

HP:   -18/120 (121) AC: -6    Str: 19    XL:     14   Next: 47%
MP:   1/26          EV: 17    Int: 33    God:    Jiyva [******]
Gold: 605           SH:  5    Dex: 10    Spells: 10/30 levels left

rFire   . . .        t - +10 dagger "Ruirenod" {vamp, Fly rElec SInv Stlth-}
rCold   + . .        (no shield)
rNeg    + . .        Q - +2 hat {Int+3}
rPois   +            g - amulet of reflection
rElec   +            b - ring of willpower
rCorr   +            G - ring of wizardry
SInv    +            J - ring of poison resistance
Will    ++...        M - ring of positive energy
Stlth   ++++         V - ring of wizardry
HPRegen 2.00/turn    Y - ring of protection from cold
MPRegen 1.00/turn    x - ring "Tuaguenai" {rElec Dex+2 Slay+2 SInv}
                     q - ring "Dunaewia" {Str+6 Int+3}

%: reflection, wizardry (x2)
@: marked, spiked, corroded, calling ooze, flying, studying Short Blades,
lightly drained
A: almost no armour, amphibious, 8 rings, camouflage 1, gelatinous body 2,
(nimble swimmer 1), tentacles, iridescent scales 1, clever 1, robust 1,
electricity resistance, strong 2, acidic bite, jelly sensing items
}: 1/15 runes: slimy
a: Renounce Religion, Oozemancy, Slimify


You were on level 2 of the Spider Nest.
You worshipped Jiyva.
Jiyva was exalted by your worship.
You visited 4 branches of the dungeon, and saw 22 of its levels.
You also visited: Sewer.

You collected 635 gold pieces.
You spent 30 gold pieces at shops.

Inventory:

Hand Weapons
 a - the +6 morningstar of the Witching Gods {freeze, rC+ Dex+3}
   (You found it on level 5 of the Pits of Slime)

   Dex+3:     It affects your dexterity (+3).
   rC+:       It protects you from cold.
 h - the +1 war axe of Termination {flame, Will+ Dex+2}
   (You found it on level 5 of the Pits of Slime)

   Dex+2:     It affects your dexterity (+2).
   Will+:     It increases your willpower.
 t - the +10 dagger "Ruirenod" (weapon) {vamp, Fly rElec SInv Stlth-}
   (You found it on level 5 of the Pits of Slime)

   rElec:     It insulates you from electricity.
   SInv:      It lets you see invisible.
   Fly:       It grants you flight.
   Stlth-:    It makes you less stealthy.
 D - a +4 spear of freezing
 E - the +5 sling "Dragonslayer" {antimagic, Str+5 Dex+3}
   (You found it on level 5 of the Pits of Slime)

   Str+5:     It affects your strength (+5).
   Dex+3:     It affects your dexterity (+3).
Missiles
 e - 60 stones
 o - 62 poisoned darts
 p - 5 boomerangs
 y - a throwing net
 B - 4 darts of dispersal
 F - 6 atropa-tipped darts
 Z - 11 curare-tipped darts
Armour
 I - a +0 buckler
 Q - a +2 hat of intelligence (worn)
Jewellery
 b - a ring of willpower (left tentacle)
 d - a ring of wizardry
 g - an amulet of reflection (around mantle)
 q - the ring "Dunaewia" (on tentacle) {Str+6 Int+3}
   (You found it on level 5 of the Pits of Slime)

   [ring of strength]

   Str+6:     It affects your strength (+6).
   Int+3:     It affects your intelligence (+3).
 x - the ring "Tuaguenai" (on tentacle) {rElec Dex+2 Slay+2 SInv}
   (You found it on level 5 of the Pits of Slime)

   [ring of see invisible]

   Dex+2:     It affects your dexterity (+2).
   Slay+2:    It affects your accuracy & damage with ranged weapons and melee
   (+2).
   rElec:     It insulates you from electricity.
   SInv:      It lets you see invisible.
 G - a ring of wizardry (right tentacle)
 J - a ring of poison resistance (on tentacle)
 M - a ring of positive energy (on tentacle)
 V - a ring of wizardry (on tentacle)
 Y - a ring of protection from cold (on tentacle)
Talismans
 S - a dragon-blood talisman
Wands
 c - a wand of acid (17)
 L - a wand of flame (21)
 N - a wand of polymorph (4)
 U - a wand of paralysis (8)
Scrolls
 f - 3 scrolls of immolation
 l - a scroll of fear {unknown}
 m - a scroll of brand weapon {unknown}
 n - a scroll of amnesia {unknown}
 r - 4 scrolls of teleportation
 s - a scroll of torment {unknown}
 u - 3 scrolls of revelation
 v - 2 scrolls of enchant weapon {unknown}
 w - 3 scrolls of fog
 H - a scroll of butterflies {unknown}
 O - 2 scrolls of enchant armour {unknown}
Potions
 i - 2 potions of cancellation {unknown}
 j - a potion of attraction {unknown}
 k - a potion of curing
 z - 3 potions of lignification {unknown}
 A - a potion of degeneration {unknown}
 C - a potion of heal wounds {unknown}
 K - 2 potions of ambrosia {unknown}
 P - 3 potions of might {unknown}
 T - 2 potions of brilliance {unknown}
Miscellaneous
 R - a phial of floods
 W - a phantom mirror (inert)


   Skills:
 - Level 15.0 Fighting
 - Level 2.0 Throwing
 - Level 10.0 Dodging
 - Level 9.9 Stealth
 - Level 8.8 Spellcasting
 - Level 10.8 Conjurations
 - Level 2.0 Translocations
 - Level 3.0 Ice Magic
 - Level 6.0 Alchemy
 + Level 6.2 Evocations


You had 10 spell levels left.
You knew the following spells:

 Your Spells              Type           Power      Damage    Failure   Level
a - Magic Dart            Conj           100%       1d8       1%          1
b - Iskenderun's Mystic   Conj/Tloc      54%        2d12      1%          4
c - Mephitic Cloud        Conj/Alch/Air  51%        N/A       1%          3
h - Hailstorm             Conj/Ice       57%        3d11      1%          3
s - Searing Ray           Conj           100%       2d8       1%          2
I - Summon Ice Beast      Ice/Summ       24%        N/A       1%          3
R - Olgreb's Toxic Radia  Alch           53%        N/A       1%          4

Your spell library contained the following spells:

 Spells                   Type           Power      Damage    Failure   Level
 Sting                    Conj/Alch      100%       1d9       1%          1
 Blink                    Tloc           54%        N/A       1%          2
 Lesser Beckoning         Tloc           54%        N/A       1%          2
 Mercury Vapours          Alch/Air       68%        N/A       1%          2
 Momentum Strike          Conj/Tloc      100%       3d10      1%          2
 Dazzling Flash           Conj/Hex       100%       N/A       1%          3
 Fulminant Prism          Conj/Alch      31%        3d16      1%          4
 Animate Dead             Necr           14%        N/A       9%          4
 Sculpt Simulacrum        Ice/Alch       22%        N/A       21%         6
 Curse of Agony           Necr           14%        N/A       22%         5
 Silence                  Hex/Air        7%         N/A       22%         5
 Ozocubu's Refrigeration  Ice            17%        4d11      86%         7
 Haunt                    Necr/Summ      7%         N/A       99%         7
 Discord                  Hex            7%         N/A       100%        8
 Infestation              Necr           7%         N/A       100%        8


Dungeon Overview and Level Annotations

Branches:
Dungeon (10/15) Zot: 26399  Temple (0/1) D:5            Lair (5/5) D:10 Zot: 26352
 Spider (2/4) Lair:2 Zot: 11892   Slime (5/5) Lair:5 Zot: 26780   Sewer (visited)
  Swamp: Lair:2-3    Shoals: Lair:2-3       Orc: D:9-12

Altars:
Wu Jian
Xom
Jiyva

Shops:
D:4 =   D:8 *

Annotations:
D:4 2 transporters
Slime:5 Royal Jelly


Innate Abilities, Weirdness & Mutations

You cannot wear most types of armour.
You are amphibious.
You can wear up to eight rings at the same time.
Your skin changes colour to match your surroundings (Stealth+).
Your pliable body absorbs attacks. (AC +2, EV +2)
((You are camouflaged when in or above water. (Stealth+)))
You have tentacles for arms and can constrict up to eight enemies at once.
You are partially covered in iridescent scales. (AC +2)
Your mind is acute. (Int +4, Str/Dex -1)
You are robust. (+10% HP)
You are resistant to electric shocks. (rElec)
Your muscles are very strong. (Str +8, Int/Dex -2)
You have acidic saliva.
You have a small jelly attached to you that senses nearby items.


Message History

The pharaoh ant bites your acid blob.
The pharaoh ant is burned by acid!
Your acid blob hits the pharaoh ant!
The pharaoh ant is destroyed!
The pharaoh ant binds the souls of nearby monsters.
Your acid blob hits the culicivora!!
The culicivora is splashed with acid.
You hear a faint skittering sound.
The culicivora bites your acid blob!
The culicivora is burned by acid!
The culicivora dies!
A freezing mist starts to gather...
Your acid blob spits acid at the redback.
The splash of acid hits the redback!!
The acid corrodes the redback!
The redback dies!
A freezing mist starts to gather...
A culicivora simulacrum and a redback simulacrum come into view.
Cast which spell? (? or * to list)
Aiming: Searing Ray (safe; 1% risk of failure)
Press: ? - help, Shift-Dir - straight line, f - culicivora simulacrum
Aim: a culicivora simulacrum (81% to hit)
The searing ray hits the culicivora simulacrum!
The culicivora simulacrum is heavily damaged. (Press . to maintain the ray.)
Press: ? - help, v - describe, . - travel
Here: a culicivora simulacrum (heavily damaged, ally target)
The floor.
Unknown command.
Unknown command.
Okay, then.
Unknown command.
Press: ? - help, v - describe, . - travel
Here: a culicivora simulacrum (heavily damaged, ally target)
The floor.
Unknown command.
Unknown command.
The searing ray hits the culicivora simulacrum!
The culicivora simulacrum vaporises!
The redback simulacrum misses you.
Your acid blob hits the redback simulacrum.
The redback simulacrum is splashed with acid!
The acid corrodes the redback simulacrum!
A redback comes into view.
Cast which spell? (? or * to list) Restarting spell: Searing Ray (safe; 1% risk of failure)
Press: ? - help, Shift-Dir - straight line, f - redback
Aim: a redback (79% to hit)
The searing ray hits the redback simulacrum!
The redback simulacrum is severely damaged.
The searing ray hits the redback!
The redback is heavily wounded.
The searing ray hits the redback!
The redback is moderately wounded. (Press . to maintain the ray.)
Your acid blob hits the redback simulacrum!!
The redback simulacrum vaporises!
A jumping spider comes into view.
The searing ray misses the redback.
The searing ray hits the jumping spider.
The jumping spider is lightly wounded.
The jumping spider pounces on your acid blob!
The jumping spider is burned by acid!
The jumping spider bites your acid blob.
The jumping spider is burned by acid!
The redback misses you.
Your acid blob is engulfed in freezing vapours.
Your acid blob hits the jumping spider!!
The jumping spider is splashed with acid.
The acid corrodes the jumping spider!
The jumping spider dies!
A freezing mist starts to gather...
A jumping spider simulacrum comes into view.
Cast which spell? (? or * to list)
You begin to radiate toxic energy.
The redback is poisoned. x2
The redback looks even sicker.
The redback bites you but does no damage.
The redback misses you.
Your acid blob is engulfed in freezing vapours.
Your acid blob spits acid at the redback.
The splash of acid hits the redback!!
The acid corrodes the redback!
The redback dies!
A freezing mist starts to gather...
The redback closely misses you.
Your life force feels restored.
A redback simulacrum comes into view.
Cast which spell? (? or * to list)
Aiming: Searing Ray (safe; 1% risk of failure)
Press: ? - help, Shift-Dir - straight line, f - redback simulacrum, p - redback
Aim: a redback simulacrum (90% to hit)
The searing ray hits the redback!
You kill the redback!
The searing ray hits the redback simulacrum.
The redback simulacrum is lightly damaged. (Press . to maintain the ray.)
Your acid blob is engulfed in freezing vapours.
Your acid blob dies!
Your acid blob dissolves into a puddle of slime!
Cast which spell? (? or * to list) Restarting spell: Searing Ray (safe; 1% risk of failure)
Press: ? - help, Shift-Dir - straight line, f/p - redback simulacrum
Aim: a redback simulacrum (lightly damaged, 90% to hit)
The searing ray hits the redback simulacrum!
The redback simulacrum is heavily damaged.
The searing ray hits the jumping spider simulacrum!
The jumping spider simulacrum is moderately damaged. (Press . to maintain the ray.)
The tarantella is poisoned.
Your toxic aura wanes.
The redback simulacrum closely misses you.
The searing ray hits the redback simulacrum.
The redback simulacrum is severely damaged.
The searing ray hits the tarantella.
The tarantella is moderately wounded.
The redback simulacrum bites you. The redback simulacrum freezes you!
You resist.
The searing ray hits the redback simulacrum!
The redback simulacrum vaporises!
The searing ray hits the tarantella!
The tarantella is severely wounded.
The searing ray hits the jumping spider simulacrum.
The jumping spider simulacrum is heavily damaged.
Cast which spell? (? or * to list) Restarting spell: Searing Ray (safe; 1% risk of failure)
Press: ? - help, Shift-Dir - straight line, f - jumping spider simulacrum
Aim: a jumping spider simulacrum (heavily damaged, 90% to hit)
The searing ray hits the tarantella!
The tarantella is almost dead.
The searing ray hits the jumping spider simulacrum.
The jumping spider simulacrum is severely damaged. (Press . to maintain the ray.)
The tarantella barely misses you.
The searing ray misses the jumping spider simulacrum.
You kill the tarantella!
The jumping spider simulacrum misses you.
You block the jumping spider simulacrum's attack.
The jumping spider simulacrum pounces on you but does no damage.
The jumping spider simulacrum barely misses you.
The searing ray hits the jumping spider simulacrum.
The jumping spider simulacrum is almost destroyed.
The jumping spider simulacrum pounces on you.
The jumping spider simulacrum freezes you.
You resist.
The jumping spider simulacrum barely misses you.
The searing ray hits the jumping spider simulacrum!
The jumping spider simulacrum vaporises!
You finish channelling your searing ray.
You see here a tarantella corpse.
Found 6 gold pieces.
You now have 605 gold pieces (gained 6).
There is a stone staircase leading down here.
You fly downwards.
A malevolent force fills the Spider Nest...
With a horrendous wail, an alarm goes off!
A sentinel's mark forms upon you.
The entropy weaver shouts!
The tarantella's many legs skitter faintly.
You hear a faint skittering sound.
The culicivora's many legs skitter faintly.
You hear a shout! x2; You hear a chilling moan.
You hear a faint skittering sound. x2; You hear a shout!
You hear a skittering sound.
You hear a shout!
You hear a skittering sound.
You hear a faint skittering sound. x2; You hear a hideous shriek!
You hear a faint skittering sound.
You hear an angry buzzing noise.
You hear a shout!
You hear a faint skittering sound. x3
You hear a chilling moan.
You hear a faint skittering sound.
You hear a skittering sound.
You hear a faint skittering sound. x3
There is a stone staircase leading up here.
Unknown command.
Okay, then.
Cast which spell? (? or * to list)
You begin to radiate toxic energy.
The redback is poisoned.
The entropy weaver is poisoned.
The tarantella is poisoned.
The redback is poisoned.
The culicivora is poisoned.
The redback is poisoned.
The sun moth is poisoned.
The redback is poisoned.
The tarantella is poisoned. x2
The entropy weaver looks even sicker.
The redback looks even sicker.
The culicivora looks even sicker.
The redback looks even sicker. x2
The tarantella looks even sicker.
The redback closely misses you.
A culicivora comes into view.
You block the tarantella's attack.
A culicivora comes into view. x2; A moth of wrath comes into view.
Activating: Oozemancy (0% risk of failure)
Press: ? - help, Dir - look around, f - activate A stone staircase leading up.
Slime begins to ooze from the nearby walls!
The redback looks even sicker.
The entropy weaver looks even sicker.
The redback looks even sicker.
The culicivora is poisoned.
The tarantella looks even sicker.
The moth of wrath is poisoned.
The culicivora is poisoned. x2; The walls burn the tarantella!
The walls burn the redback!
The redback bites you!
A wolf spider comes into view.
The walls burn the tarantella!
The tarantella barely misses you.
The wall burns the culicivora!
The wall burns the redback!
The wall burns the culicivora! x2
A pharaoh ant comes into view.
The wall burns the entropy weaver!
The entropy weaver closely misses you. The entropy weaver misses you.
You block the entropy weaver's attack. The entropy weaver hits you!
The wall burns the sun moth!
A moth of wrath comes into view.
The walls burn the wolf spider!
The walls burn the redback!
The redback bites you!
The walls burn the tarantella!
The wall burns the redback!
The redback bites you but does no damage.
The walls burn the tarantella!
The tarantella touches you!
The walls burn the culicivora! x2
Cast which spell? (? or * to list)
Your toxic radiance grows in intensity.
The wolf spider is poisoned.
The entropy weaver looks as sick as possible!
You kill the redback!
The culicivora looks even sicker.
The moth of wrath is poisoned.
You kill the tarantella!
The wolf spider looks even sicker.
You kill the tarantella!
The redback looks as sick as possible!
The sun moth looks even sicker.
You kill the redback!
The tarantella looks even sicker.
The moth of wrath looks even sicker.
The culicivora looks even sicker.
You kill the redback!
The wall burns the entropy weaver!
The entropy weaver misses you. x2
The entropy weaver hits you but does no damage.
You block the entropy weaver's attack.
A jorogumo comes into view.
The culicivora chitters at the wolf spider.
The wolf spider is healed somewhat.
The wall burns the culicivora!
The wall burns the wolf spider!
The wall burns the tarantella!
You kill the tarantella!
The walls burn the culicivora!
The culicivora bites you.
The culicivora draws strength from your injuries!
A radroach comes into view.
Hit: t) +10 dagger "Ruirenod" {vamp, Fly rElec SInv Stlth-}
Press: ? - help, Dir - move target, f - entropy weaver
Aim: an entropy weaver (moderately wounded, extremely poisoned, about 30% to evade the +10 dagger "Ruirenod")
You closely miss the entropy weaver. You grab the entropy weaver.
You bite the entropy weaver.
The acid corrodes the entropy weaver!
You squeeze the entropy weaver.
The entropy weaver is heavily wounded.
The jorogumo is poisoned.
The wolf spider looks even sicker.
You kill the redback!
The entropy weaver looks as sick as possible!
The radroach is poisoned.
The culicivora looks even sicker. x2
You constrict the entropy weaver.
You kill the culicivora!
The walls burn the culicivora!
The culicivora chitters at the wolf spider.
The wolf spider is healed somewhat.
The wall burns the wolf spider!
The wolf spider hits you. You block the wolf spider's attack.
An entropy weaver comes into view.
The wall burns the entropy weaver!
The entropy weaver hits you but does no damage.
The entropy weaver hits you. The entropy weaver closely misses you.
The entropy weaver hits you.
The wall burns the moth of wrath!
The moth of wrath goads the culicivora on!
The culicivora goes berserk!
The walls burn the sun moth!
The sun moth's wings beat fiercely.
The flurry of pyrophoric scales misses you.
The walls burn the jorogumo!
The walls burn the culicivora!
The wall burns the wolf spider!
Cast which spell? (? or * to list)
You erupt in a blast of force!
The mystic blast hits the jorogumo!
The jorogumo is moderately wounded.
The jorogumo is knocked back by the mystic blast.
The jorogumo slams into the slime covered rock wall!
The mystic blast hits the culicivora!
You kill the culicivora!
The mystic blast hits the culicivora!
The culicivora is severely wounded.
The culicivora is knocked back by the mystic blast.
The culicivora collides with the moth of wrath!
The moth of wrath is heavily wounded.
The culicivora is severely wounded.
The mystic blast hits the wolf spider!
The wolf spider is moderately wounded.
The wolf spider is knocked back by the mystic blast.
The wolf spider slams into the slime covered rock wall!
The wolf spider is heavily wounded.
The mystic blast hits the entropy weaver!
The entropy weaver is severely wounded.
You lose your grip on the entropy weaver.
The entropy weaver is knocked back by the mystic blast.
The entropy weaver collides with the jorogumo!
The jorogumo is moderately wounded.
The entropy weaver is almost dead.
The mystic blast hits the sun moth.
The sun moth is heavily wounded.
The sun moth is knocked back by the mystic blast.
The sun moth collides with the culicivora!
The culicivora is almost dead.
The sun moth is severely wounded.
The mystic blast hits the culicivora.
You kill the culicivora!
The jorogumo looks even sicker.
The wolf spider looks as sick as possible!
The entropy weaver looks as sick as possible!
The radroach looks even sicker.
You kill the culicivora!
The sun moth looks even sicker.
The moth of wrath looks even sicker.
The entropy weaver is poisoned.
Your toxic aura wanes.
You kill the entropy weaver!
A steelbarb worm comes into view.
The wall burns the entropy weaver!
The wall burns the moth of wrath!
The moth of wrath goads the sun moth on!
The sun moth goes berserk!
A ghost moth comes into view.
A tarantella comes into view.
The wall burns the sun moth!
The wall burns the wolf spider!
The wolf spider barely misses you. The wolf spider bites you.
You are poisoned.
The wolf spider poisons you!
The walls burn the jorogumo!
The walls burn the entropy weaver!
The ghost moth stares at you.
You feel your power leaking away.
The wall burns the moth of wrath!
Cast which spell? (? or * to list)
You erupt in a blast of force!
The mystic blast hits the jorogumo!
The jorogumo is heavily wounded.
The jorogumo is knocked back by the mystic blast.
The jorogumo slams into the slime covered rock wall!
The jorogumo is heavily wounded.
The mystic blast hits the wolf spider!
The wolf spider is severely wounded.
The wolf spider is knocked back by the mystic blast.
The wolf spider slams into the slime covered rock wall!
The wolf spider is almost dead.
The mystic blast hits the sun moth!!
The sun moth is almost dead.
The sun moth is knocked back by the mystic blast.
The sun moth collides with the moth of wrath!
The moth of wrath is severely wounded.
You kill the sun moth!
The mystic blast hits the entropy weaver!
The entropy weaver is moderately wounded.
The entropy weaver is knocked back by the mystic blast.
* * * LOW MAGIC WARNING * * *
You feel very sick.
You kill the wolf spider!
A wolf spider comes into view.
The wall burns the pharaoh ant!
The walls burn the moth of wrath!
The moth of wrath goads the steelbarb worm on!
The steelbarb worm goes berserk!
Training target 6.0 for Evocations reached!
Your Evocations skill increases to level 6!
Okay, then.
Unknown command.
Unknown command.
Press: ? - help, v - describe, . - travel
Here: a pharaoh ant (lightly damaged)
The floor.
Unknown command.
Okay, then.
Okay, then.
Okay, then.
Unknown command.
Okay, then.
You are mildly poisoned (65 -> 62).
A sentinel's mark is revealing your location to enemies.
You are calling forth ooze from nearby walls.
You are flying.
You are studying Short Blades.
You have 6 tentacles available for constriction.
Your flying speed is average.
Your attack delay is about 1.0.
Your damage rating with the +10 dagger "Ruirenod" {vamp, Fly rElec SInv Stlth-} is about 17 (Base 4 x 100% (Dex) x 125% (Skill) + 12 (Ench + Slay)).
Your base attributes are Str 6, Int 25, Dex 11.
You feel better.
The walls burn the steelbarb worm!
The walls burn the pharaoh ant!
The wall burns the entropy weaver!
The entropy weaver gestures at you while chanting.
The entropic weave corrodes you!
The walls burn the jorogumo!
A jorogumo comes into view.
A radroach comes into view.
The wall burns the steelbarb worm!
Press: ? - help, v - describe, . - travel
Here: a steelbarb worm (lightly wounded, berserk)
The floor.
Unknown command.
Okay, then.
Aiming: Corrosive Bolt
Press: ? - help, Shift-Dir - straight line, f - ghost moth
Aim: a ghost moth (slightly transparent, 74% to hit)
The bolt of acid hits the steelbarb worm!
The acid corrodes the steelbarb worm!
The steelbarb worm is lightly wounded.
The bolt of acid hits the moth of wrath!!
The acid corrodes the moth of wrath!
The moth of wrath is almost dead.
The bolt of acid hits the ghost moth!
The ghost moth is lightly wounded.
The walls burn the pharaoh ant!
The pharaoh ant misses you.
The wall burns the entropy weaver!
The wall burns the jorogumo!
The walls burn the steelbarb worm!
The steelbarb worm completely misses you.
The walls burn the moth of wrath!
You kill the moth of wrath!
The moth of wrath goads the tarantella on!
The tarantella goes berserk!
The ghost moth stares at you.
You feel your power leaking away.
* * * LOW MAGIC WARNING * * *
The walls burn the pharaoh ant!
You block the pharaoh ant's attack.
The walls burn the tarantella!
Aiming: Corrosive Bolt
Press: ? - help, Shift-Dir - straight line, f/p - ghost moth
Aim: a ghost moth (lightly wounded, slightly transparent, 74% to hit)
The bolt of acid hits the steelbarb worm!!
The steelbarb worm is heavily wounded.
The bolt of acid hits the radroach!
The acid corrodes the radroach!
The radroach is lightly wounded.
The bolt of acid hits the ghost moth!!
The ghost moth is heavily wounded.
The walls burn the steelbarb worm!
The steelbarb worm hits you!
Barbed spikes become lodged in your body.
The wall burns the tarantella!
The walls burn the entropy weaver!
The wall burns the jorogumo!
The jorogumo casts a spell at you. The stream of webbing misses you.
The stream of webbing hits the entropy weaver but does no damage.
The moth of wrath goads the radroach on!
The radroach goes berserk!
A sun moth comes into view.
The wall burns the ghost moth!
The ghost moth stares at you.
You feel your power leaking away.
* * * LOW MAGIC WARNING * * *
The walls burn the pharaoh ant!
The pharaoh ant bites you!!
* * * LOW HITPOINT WARNING * * *
You partially resist.
You feel drained.
* * * LOW HITPOINT WARNING * * *
The walls burn the steelbarb worm!
The steelbarb worm completely misses you.
A redback comes into view.
A culicivora comes into view.
The walls burn the tarantella!
The tarantella rages.
The walls burn the entropy weaver!
The wall burns the jorogumo!
The jorogumo casts a spell at you. The stream of webbing misses you.
The stream of webbing hits the entropy weaver but does no damage.
The wall burns the radroach!
The radroach rages.
As you read the scroll labelled ODDYON WAMN, it dissolves into smoke.
It was a scroll of fog.
The entropy weaver looks more healthy.
The walls burn the tarantella!
The walls burn the steelbarb worm!
You block the steelbarb worm's attack.
The walls burn the pharaoh ant!
The pharaoh ant closely misses you.
The walls burn the tarantella!
The wall burns the radroach!
The walls burn the steelbarb worm!
The steelbarb worm barely misses you.
The walls burn the entropy weaver!
The entropy weaver points at you and mumbles some strange words.
The entropic weave corrodes you!
The wall burns the jorogumo!
The jorogumo casts a spell at you. The stream of webbing misses you.
The stream of webbing hits the entropy weaver but does no damage.
The walls burn the wolf spider!
The wall burns the radroach!
An orb spider comes into view.
The walls burn the pharaoh ant!
You destroy the pharaoh ant!
The pharaoh ant binds the souls of nearby monsters.
Unknown command.
Unknown command.
Aiming: Paralyse
Press: ? - help, Shift-Dir - straight line, f - steelbarb worm
Aim: a steelbarb worm (black smoke, severely wounded, berserk, soul bound, covered in acid, chance to affect: 72%)
The steelbarb worm suddenly stops moving!
The walls burn the tarantella!
The tarantella rages.
The walls burn the steelbarb worm!
The wall burns the radroach!
The walls burn the tarantella!
The tarantella barely misses you.
The wall burns the wolf spider!
The walls burn the entropy weaver!
The entropy weaver completely misses you.
The entropy weaver hits you!
* * * LOW HITPOINT WARNING * * *
The entropy weaver hits you.
* * * LOW HITPOINT WARNING * * *
The entropy weaver hits you.
* * * LOW HITPOINT WARNING * * *
The wall burns the jorogumo!
The jorogumo hits you!
* * * LOW HITPOINT WARNING * * *
The walls burn the steelbarb worm!
A jorogumo comes into view.
The wall burns the radroach!
The walls burn the radroach!
Okay, then.
You feel better.
The walls burn the tarantella!
You block the tarantella's attack.
The walls burn the tarantella!
The tarantella misses you.
The walls burn the steelbarb worm!
A meliai comes into view. It is wielding a +0 hand axe.
The wall burns the wolf spider!
The wolf spider hits you!
* * * LOW HITPOINT WARNING * * *
The wolf spider bites you.
* * * LOW HITPOINT WARNING * * *
The wall burns the redback!
A wolf spider comes into view.
The walls burn the entropy weaver!
The entropy weaver casts a spell at you.
The entropic weave corrodes you!
The wall burns the jorogumo!
The jorogumo closely misses you.
The walls burn the radroach!
The walls burn the jorogumo!
The wall burns the ghost moth!
The ghost moth stares at you.
You feel your power leaking away.
* * * LOW MAGIC WARNING * * *
The walls burn the tarantella!
The tarantella closely misses you.
The wall burns the wolf spider!
The walls burn the steelbarb worm!
The walls burn the radroach!
The wall burns the wolf spider!
The wolf spider completely misses you. The wolf spider closely misses you.
Okay, then.
You feel better.
The walls burn the tarantella!
You kill the tarantella!
A freezing mist starts to gather...
The walls burn the radroach!
The walls burn the entropy weaver!
You kill the entropy weaver!
A freezing mist starts to gather...
The wall burns the jorogumo!
The jorogumo hits you!!
You die...

#s ...^# ..
.... . s.
.... ..#
.##.. # ..y.
.....# #...
ss#§##
#.H#§Z§.#
#B@Z#
#.§wHs§..#
.....y#§§§###
....y.s.....
...†. ##.#..^
.#.H. .....#
.... .. ...#
y... ......#


You could see 2 jorogumos, a radroach (berserk, soul bound, poisoned, corroded),
a ghost moth (invisible), a steelbarb worm (berserk, soul bound, paralysed,
corroded), 2 wolf spiders, a redback (soul bound), a meliai, a tarantella
simulacrum and an entropy weaver simulacrum.

Vanquished Creatures
  Snorg (Lair:4)
  2 entropy weavers (Spider:2)
  5 hydras
  A death yak (Lair:4)
  A skyshark (Lair:3)
  A pharaoh ant (Spider:2)
  A sun moth (Spider:2)
  A wolf spider (Spider:2)
  2 moths of wrath
  10 elephants
  A meliai (Lair:2)
  2 torpor snails
  3 black mambas
  14 cane toads
  3 rime drakes
  2 kobold demonologists (D:10)
  5 komodo dragons
  A queen bee (Lair:5)
  A polar bear (Lair:1)
  5 tarantellas
  21 blink frogs
  A jumping spider (Spider:1)
  4 culicivoras (Spider:2)
  47 yaks
  7 wyverns
  A shadow (D:9)
  2 basilisks (D:10)
  13 redbacks
  4 steam dragons
  Menkaure (D:4)
  4 vampire mosquitoes
  An acid dragon (Lair:5)
  12 water moccasins
  An orc warrior (D:9)
  2 swamp drakes (Lair:5)
  A black bear (Lair:3)
  An ice beast (D:5)
  2 ogres
  15 wolves
  A centaur (D:9)
  10 kobold brigands
  9 bullfrogs
  A gnoll sergeant (D:8)
  A scorpion (D:10)
  7 wights (D:8)
  4 killer bees (Lair:2)
  An electric eel (Lair:4)
  2 howler monkeys (D:8)
  A bombardier beetle (D:5)
  2 hounds
  3 orc priests
  A sleepcap (D:4)
  Jessica (D:2)
  6 iguanas
  4 orc wizards (D:9)
  9 gnolls
  7 adders
  3 river rats
  4 dart slugs
  7 ribbon worms
  20 orcs
  6 ball pythons
  4 giant cockroaches (D:4)
  6 goblins
  2 hobgoblins
  3 jackals (D:1)
  2 quokkas
  5 bats
  A frilled lizard (D:1)
  22 kobolds
  7 rats
364 creatures vanquished.

Vanquished Creatures (collateral kills)
  Gastronok (Lair:2)
  3 catoblepae
  A pharaoh ant (Spider:1)
  A swamp dragon (Lair:5)
  A black mamba (Lair:3)
  A cane toad (Lair:3)
  6 komodo dragons
  A jumping spider (Spider:1)
  A culicivora (Spider:1)
  2 redbacks (Spider:1)
18 creatures vanquished.

Vanquished Creatures (others)
  A black bear (Lair:5)
  An orc warrior (D:9)
  A centaur (D:9)
  A phantom (D:4)
  4 kobold brigands
  A bullfrog (Lair:2)
  A scorpion (D:4)
  A wight (D:7)
  30 jellies
  An adder (D:4)
  4 orcs
  4 endoplasms (D:4)
  A goblin (D:4)
  2 hobgoblins (D:4)
  A jackal (D:4)
  A quokka (D:4)
  7 kobolds
  A rat (shapeshifter) (D:8)
  A rat (Sewer)
64 creatures vanquished.

Grand Total: 446 creatures vanquished

Notes
Turn   | Place    | Note
-------+----------+-------------------------------------------
     0 | D:1      | jagoly the Octopode Conjurer began the quest for the Orb.
     0 | D:1      | Reached XP level 1. HP: 11/11 MP: 3/3
    72 | D:1      | Reached XP level 2. HP: 10/18 MP: 1/5
   276 | D:1      | Reached skill level 1 in Fighting
   288 | D:1      | Reached XP level 3. HP: 8/23 MP: 1/6
   341 | D:2      | Noticed Jessica
   351 | D:2      | Killed Jessica
   392 | D:2      | Reached XP level 4. HP: 29/29 MP: 3/8
   461 | D:2      | Learned a level 2 spell: Searing Ray
   465 | D:2      | Learned a level 3 spell: Hailstorm
   470 | D:2      | Found a faded altar of an unknown god.
   477 | D:2      | Prayed at the altar of an unknown god.
   477 | D:2      | Became a worshipper of Jiyva Jivul the Shapeless
   477 | D:2      | Reached * piety under Jiyva
   726 | D:3      | You fall into a shaft and drop 3 floors!
   729 | D:5      | Entered Level 5 of the Dungeon
   732 | D:5      | Reached skill level 2 in Fighting
   735 | D:5      | Reached skill level 1 in Ice Magic
   735 | D:5      | Reached ** piety under Jiyva
   740 | D:5      | Reached XP level 5. HP: 21/34 MP: 1/9
   777 | D:5      | Noticed an ice beast
   792 | D:4      | Found Toxyten's Jewellery Emporium.
   826 | D:5      | Found a staircase to the Ecumenical Temple.
   879 | D:4      | Reached skill level 5 in Conjurations
   881 | D:4      | Found a transporter.
   904 | D:4      | Found a transporter.
   912 | D:4      | Noticed Menkaure
   917 | D:4      | Reached XP level 6. HP: 41/41 MP: 4/10
   925 | D:4      | Killed Menkaure
   926 | D:4      | Reached skill level 3 in Fighting
  1153 | D:4      | Reached *** piety under Jiyva
  1160 | D:4      | Found a glowing drain.
  1166 | Sewer    | Entered a sewer
  1198 | Sewer    | Reached XP level 7. HP: 46/46 MP: 6/11
  1563 | Sewer    | Reached skill level 4 in Fighting
  1657 | D:4      | Gained mutation: You are robust. (+10% HP) [Jiyva's grace]
  1657 | D:4      | Gained mutation: You are very robust. (+20% HP) [Jiyva's
                  | grace]
  1657 | D:4      | Gained mutation: You are extremely robust. (+30% HP)
                  | [Jiyva's grace]
  1657 | D:4      | Gained mutation: Armour fits poorly on your pseudopods.
                  | [Jiyva's grace]
  1667 | D:4      | Reached XP level 8. HP: 66/70 MP: 7/12
  1698 | D:4      | Learned a level 4 spell: Iskenderun's Mystic Blast
  1756 | D:4      | Learned a level 3 spell: Mephitic Cloud
  1788 | D:4      | Reached skill level 1 in Translocations
  1895 | D:5      | Reached **** piety under Jiyva
  2187 | D:8      | Reached skill level 1 in Throwing
  2189 | D:8      | Found Dueruewn's General Store.
  2231 | D:8      | Bought a scroll of identify for 30 gold pieces
  2276 | D:8      | Reached skill level 5 in Stealth
  2283 | D:8      | Reached skill level 5 in Fighting
  2288 | D:8      | Reached XP level 9. HP: 78/79 MP: 4/13
  2334 | D:8      | Found a shimmering altar of Xom.
  2335 | D:8      | Found a shimmering altar of Xom.
  2335 | D:8      | Found a shimmering altar of Xom.
  2336 | D:8      | Found a shimmering altar of Xom.
  2344 | D:8      | Found a shimmering altar of Xom.
  2490 | D:8      | Reached ***** piety under Jiyva
  2508 | D:8      | Reached skill level 5 in Dodging
  2641 | D:8      | Reached skill level 6 in Fighting
  2809 | D:10     | Entered Level 10 of the Dungeon
  2820 | D:9      | Reached skill level 7 in Fighting
  2851 | D:9      | Reached skill level 8 in Fighting
  2865 | D:9      | Reached skill level 1 in Evocations
  2902 | D:8      | Reached XP level 10. HP: 93/93 MP: 12/14
  2942 | D:9      | Found an ornate altar of the Wu Jian Council.
  3189 | D:10     | Noticed a kobold demonologist
  3196 | D:10     | Noticed a kobold demonologist
  3199 | D:10     | Reached skill level 9 in Fighting
  3203 | D:10     | Killed a kobold demonologist
  3211 | D:10     | Killed a kobold demonologist
  3213 | D:10     | Lost mutation: Armour fits poorly on your pseudopods.
                  | [Jiyva's grace]
  3213 | D:10     | Gained mutation: You are partially covered in iridescent
                  | scales. (AC +2) [Jiyva's grace]
  3213 | D:10     | Gained mutation: You are mostly covered in iridescent
                  | scales. (AC +4) [Jiyva's grace]
  3213 | D:10     | Gained mutation: You are completely covered in iridescent
                  | scales. (AC +6) [Jiyva's grace]
  3213 | D:10     | Gained mutation: Your system is resistant to poisons.
                  | (rPois) [Jiyva's grace]
  3277 | D:10     | Found a staircase to the Lair.
  3322 | D:10     | Reached skill level 10 in Fighting
  3322 | D:10     | Reached XP level 11. HP: 105/105 MP: 11/17
  3407 | Lair:1   | Entered Level 1 of the Lair of Beasts
  3453 | Lair:1   | Reached skill level 11 in Fighting
  3633 | Lair:2   | Noticed Gastronok
  3638 | Lair:2   | Killed Gastronok
  3639 | Lair:2   | Reached skill level 12 in Fighting
  3710 | Lair:2   | Reached skill level 5 in Spellcasting
  3753 | Lair:2   | Reached ****** piety under Jiyva
  3858 | Lair:2   | Noticed an eight-headed hydra
  3867 | Lair:2   | Learned a level 3 spell: Summon Ice Beast
  3949 | Lair:2   | Found a hole to the Spider Nest.
  4008 | Lair:3   | Noticed an eight-headed hydra
  4044 | Lair:2   | Reached XP level 12. HP: 117/118 MP: 17/21
  4103 | Lair:2   | Noticed a six-headed hydra
  4112 | Lair:2   | Noticed a four-headed hydra
  4219 | Lair:2   | Killed an eight-headed hydra
  4269 | Lair:3   | Lost mutation: You are completely covered in iridescent
                  | scales. (AC +6) [Jiyva's grace]
  4269 | Lair:3   | Lost mutation: Your system is resistant to poisons. (rPois)
                  | [Jiyva's grace]
  4269 | Lair:3   | Lost mutation: You are extremely robust. (+30% HP) [Jiyva's
                  | grace]
  4269 | Lair:3   | Lost mutation: You are very robust. (+20% HP) [Jiyva's
                  | grace]
  4269 | Lair:3   | Gained mutation: You are resistant to electric shocks.
                  | (rElec) [Jiyva's grace]
  4269 | Lair:3   | Gained mutation: Your mind is acute. (Int +4, Str/Dex -1)
                  | [Jiyva's grace]
  4269 | Lair:3   | Gained mutation: Your mind is very acute. (Int +8, Str/Dex
                  | -2) [Jiyva's grace]
  4269 | Lair:3   | Gained mutation: Your pliable body absorbs attacks. (AC +2,
                  | EV +2) [Jiyva's grace]
  4408 | Lair:4   | Reached skill level 1 in Alchemy
  4439 | Lair:4   | Learned a level 4 spell: Olgreb's Toxic Radiance
  4535 | Lair:3   | Noticed a catoblepas
  4603 | Lair:3   | Noticed a skyshark
  4628 | Lair:3   | Killed a skyshark
  4645 | Lair:3   | Noticed a four-headed hydra
  4663 | Lair:3   | Killed a four-headed hydra
  4682 | Lair:3   | Reached skill level 5 in Alchemy
  4741 | Lair:3   | Reached skill level 10 in Conjurations
  4898 | Lair:3   | Killed a catoblepas
  4945 | Lair:3   | Reached XP level 13. HP: 93/107 MP: 22/25
  5107 | Lair:3   | Reached skill level 13 in Fighting
  5409 | Lair:4   | Noticed Snorg
  5420 | Lair:4   | Killed Snorg
  5685 | Lair:4   | Reached skill level 14 in Fighting
  5730 | Lair:5   | Entered Level 5 of the Lair of Beasts
  5795 | Lair:5   | Lost mutation: You are mostly covered in iridescent scales.
                  | (AC +4) [Jiyva's grace]
  5795 | Lair:5   | Lost mutation: Your mind is very acute. (Int +8, Str/Dex
                  | -2) [Jiyva's grace]
  5795 | Lair:5   | Gained mutation: Your muscles are strong. (Str +4, Int/Dex
                  | -1) [Jiyva's grace]
  5795 | Lair:5   | Gained mutation: Your muscles are very strong. (Str +8,
                  | Int/Dex -2) [Jiyva's grace]
  5795 | Lair:5   | Gained mutation: You have a small jelly attached to you
                  | that senses nearby items. [Jiyva's grace]
  5795 | Lair:5   | Gained mutation: You have acidic saliva. [Jiyva's grace]
  5923 | Lair:5   | Noticed Sonja
  5934 | Lair:5   | Reached skill level 10 in Dodging
  5995 | Lair:5   | Sonja changed into Sonja the queen bee
  5995 | Lair:5   | Noticed Sonja
  5999 | Lair:5   | Killed Sonja the queen bee
  6009 | Lair:5   | Reached skill level 15 in Fighting
  6078 | Lair:5   | Found a staircase to the Slime Pits.
  6092 | Slime:1  | Entered Level 1 of the Pits of Slime
  6092 | Slime:1  | Noticed a rockslime
  6113 | Slime:4  | Noticed a rockslime
  6116 | Slime:4  | Noticed a quicksilver ooze
  6130 | Slime:4  | Noticed an acid blob
  6132 | Slime:4  | You fall into a shaft and drop 1 floor!
  6132 | Slime:5  | Entered Level 5 of the Pits of Slime
  6144 | Slime:5  | Noticed a quicksilver ooze
  6145 | Slime:5  | Noticed a formless jellyfish
  6155 | Slime:5  | Found a viscous altar of Jiyva.
  6166 | Slime:5  | Got a starry gem with 528 turns to spare
  6178 | Slime:5  | Noticed an acid blob
  6182 | Slime:5  | Noticed an acid blob
  6183 | Slime:5  | Identified the +6 morningstar of the Witching Gods {freeze,
                  | rC+ Dex+3}
  6189 | Slime:5  | Identified the +1 war axe of Termination {flame, Will+
                  | Dex+2}
  6195 | Slime:5  | Identified the ring "Dunaewia" {Str+6 Int+3}
  6197 | Slime:5  | Identified the ring "Tuaguenai" {rElec Dex+2 Slay+2 SInv}
  6212 | Slime:5  | Noticed a rockslime
  6213 | Slime:5  | Noticed the Royal Jelly
  6222 | Slime:5  | Noticed a quicksilver ooze
  6225 | Slime:5  | Identified the +5 sling "Dragonslayer" {antimagic, Str+5
                  | Dex+3}
  6226 | Slime:5  | Identified the +5 demon blade "Ilireof" {elec, *Slow Will+
                  | rCorr}
  6228 | Slime:5  | Identified the +10 dagger "Ruirenod" {vamp, Fly rElec SInv
                  | Stlth-}
  6228 | Slime:5  | Noticed a formless jellyfish
  6237 | Slime:5  | Noticed a formless jellyfish
  6238 | Slime:5  | Noticed a formless jellyfish
  6248 | Slime:5  | Got a slimy rune of Zot
  6257 | Slime:4  | Noticed an acid blob
  6273 | Slime:4  | Noticed a rockslime
  6375 | Lair:5   | Reached XP level 14. HP: 88/121 MP: 13/26
  6499 | Lair:5   | an ice dragon changed into an acid blob
  6499 | Lair:5   | Noticed an acid blob
  6500 | Lair:5   | Reached skill level 5 in Evocations
  6530 | Lair:5   | Got an earthy gem with 849 turns to spare
  6622 | Spider:1 | Entered Level 1 of the Spider Nest
  6721 | Spider:2 | Noticed a ghost moth
  6728 | Spider:2 | HP: 4/120 [wolf spider (14)]
  6729 | Spider:2 | Demolished by a jorogumo

Illustrated notes

Levels and vault maps discovered:
D:1:      minmay_arrival_cross, layout_loops_ring
D:2:      layout_basic, dreamdust_ecumenical_altar_drowned_temple,
          kennysheep_jessica_study, uniq_terence
D:3:      layout_loops_ring
D:4:      gammafunk_steamed_eel, layout_basic, gup_sewer_entry_bubbles,
          serial_shops, nicolae_take_the_stairs, minmay_joined_circles,
          uniq_menkaure
D:5:      layout_gridville, temple_statues, kennysheep_generic_room_9
D:6:      layout_basic, nicolae_hepliaklqana_hazy_memory
D:7:      layout_gridville, patterned_corridor
D:8:      layout_loops_ring, xom_shifter_show, serial_shops,
          nicolae_shop_window_shopping, grunt_decor_resistance,
          kennysheep_generic_room_14
D:9:      layout_basic, mainiacjoe_overflow_cross_hatched, orc_0_dummy
D:10:     layout_loops_ring, minmay_lair_entry_grove
Lair:1:   layout_long_grid
Lair:2:   layout_regular_city, minmay_shoals_entry_beasts,
          hellmonk_spider_entry_not_the_bees, uniq_gastronok
Lair:3:   nzn_winding_woodlands_large [nzn_winding_woodlands_5x5_checkerboard,
          nzn_winding_woodlands_5x15_sidewinder,
          nzn_winding_woodlands_5x5_perimeter,
          nzn_winding_woodlands_center_pierced_h,
          nzn_winding_woodlands_15x15_boxy_spiral,
          nzn_winding_woodlands_center_triple_pond,
          nzn_winding_woodlands_5x5_default, nzn_winding_woodlands_5x15_pockets,
          nzn_winding_woodlands_5x5_cross], layout_cave_pods
Lair:4:   layout_regular_city, nicolae_quartered_pool_little,
          nicolae_lair_lil_pond, beast_lair_carwin_9, grunt_megastairs_2,
          uniq_snorg
Lair:5:   guppyfry_lair_end_dragon, layout_regular_city,
          hangedman_lair_caniforms_friends, slime_entry_1, st_stairs_3,
          uniq_sonja
Spider:1: layout_spider_delve
Spider:2: layout_spider_delve, nicolae_spider_jagged_tunnels
Slime:1:  layout_caves
Slime:2:  layout_caves
Slime:3:  cheibrodos_slime_lost_civilization_2, layout_caves
Slime:4:  layout_caves
Slime:5:  slime_pit_nicolae_jellycorners

Skill      XL: |  1  2  3  4  5  6  7  8  9 10 11 12 13 14 |
---------------+-------------------------------------------+-----
Stealth        | 3 5 6 8 9 |  9.9
Fighting       | 1 2 3 4 5 8 10 12 15 | 15.0
Ice Magic      | 1 2 3 |  3.0
Spellcasting   | 3 4 6 8 |  8.8
Conjurations   | 5 6 7 8 10 | 10.8
Dodging        | 3 4 6 8 10 | 10.0
Translocations | 2 |  2.0
Throwing       | 2 |  2.0
Evocations     | 2 4 6 |  6.2
Alchemy        | 6 |  6.0

Action                     |  1- 3 |  4- 6 |  7- 9 | 10-12 | 13-15 || total
---------------------------+-------+-------+-------+-------+-------++-------
  Melee: Unarmed           |    20 |       |       |       |       ||    20
         Constrict         |    11 |     7 |     5 |     8 |    11 ||    42
         Tentacles         |    10 |     5 |     2 |    19 |    21 ||    57
         Falchion          |     8 |       |       |       |       ||     8
         Dagger            |     8 |    23 |    18 |       |    16 ||    65
         Whip              |       |       |     8 |    83 |    33 ||   124
         Pseudopods        |       |       |     2 |     2 |       ||     4
         Punch             |       |       |       |     2 |     1 ||     3
         Bite              |       |       |       |       |     9 ||     9
         War axe           |       |       |       |       |    13 ||    13
  Throw: Dart              |       |       |       |    16 |     3 ||    19
   Cast: Magic Dart        |    19 |    31 |   101 |    48 |    14 ||   213
         Searing Ray       |       |    15 |    54 |   110 |    81 ||   260
         Hailstorm         |       |     2 |     6 |    19 |    39 ||    66
         Mephitic Cloud    |       |       |     1 |     3 |       ||     4
         Iskenderun's Myst |       |       |     5 |    28 |    36 ||    69
         Olgreb's Toxic Ra |       |       |       |     2 |    12 ||    14
         Summon Ice Beast  |       |       |       |     1 |       ||     1
 Invoke: Slimify           |       |       |       |       |     1 ||     1
         Oozemancy         |       |       |       |       |     1 ||     1
  Evoke: Wand              |       |       |       |     3 |     4 ||     7
         Phantom mirror    |       |       |       |       |     1 ||     1
    Use: Scroll            |       |       |     2 |     1 |     4 ||     7
         Potion            |       |       |     1 |       |     3 ||     4
   Stab: Sleeping          |     5 |       |     1 |       |       ||     6
         Confused          |       |       |     1 |       |       ||     1
 Armour: Skin              |    19 |    20 |    40 |   181 |   182 ||   442
  Dodge: Dodged            |    24 |    10 |    47 |   205 |   186 ||   472
  Block: Other             |     2 |    10 |    18 |    67 |    54 ||   151
         Reflection        |     1 |     1 |     3 |       |       ||     5
